 Dungeon Crawl Stone Soup version 0.30.1-3-gfc49f6343a (webtiles) character file.

Game seed: 6191617086257800350

62 Babbit the Gusty (level 4, -10/37 (39) HPs)
             Began as an Ogre Air Elementalist on Aug 3, 2023.
             Mangled by Crazy Yiuf
             ... wielding a +4 quarterstaff of chaos
              (14 damage)
             ... on level 3 of the Dungeon.
             The game lasted 00:14:55 (1810 turns).

Babbit the Gusty (Ogre Air Elementalist)            Turns: 1810, Time: 00:14:57

HP:   -10/37 (39)   AC:  4    Str: 12    XL:     4   Next: 8%
MP:   1/8           EV:  9    Int: 18    God:
Gold: 79            SH:  0    Dex:  9    Spells: 3/8 levels left

rFire   + . .        e - +2 hammer (protect)
rCold   . . .        (no shield)
rNeg    . . .        a - +0 robe
rPois   .            g - +1 hat
rElec   .            (no cloak)
rCorr   .            (gloves unavailable)
SInv    .            (boots unavailable)
Will    .....        (no amulet)
Stlth   ++           b - ring of protection from fire
HPRegen 0.26/turn    (no ring)
MPRegen 0.11/turn

%: no passive effects
@: very slightly contaminated, drained
A: large, unfitting armour, tough skin 1
a: no special abilities


You were on level 3 of the Dungeon.
You visited 1 branch of the dungeon, and saw 3 of its levels.

You collected 79 gold pieces.

Inventory:

Hand Weapons
 e - a +2 hammer of protection (weapon)
Armour
 a - a +0 robe (worn)
 g - a +1 hat (worn)
Jewellery
 b - a ring of protection from fire (left hand)
Scrolls
 f - a scroll of vulnerability {unknown}
 i - a scroll of fear {unknown}
 j - a scroll of identify {unknown}
 k - a scroll of noise {unknown}
Potions
 c - a potion of resistance {unknown}
 d - a potion of might {unknown}


   Skills:
 + Level 1.9 Dodging
 + Level 1.9 Stealth
 + Level 0.1 Unarmed Combat
 + Level 2.8 Spellcasting
 + Level 1.6 Conjurations
 + Level 3.4 Air Magic


You had 3 spell levels left.
You knew the following spells:

 Your Spells              Type           Power      Damage    Failure   Level
a - Shock                 Conj/Air       44%        1d5       6%          1
b - Airstrike             Air            7%         2d(2-18)  36%         4

Your spell library contained the following spells:

 Spells                   Type           Power      Damage    Failure   Level
 Static Discharge         Conj/Air       22%        2-3/arc   9%          2
 Swiftness                Air            15%        N/A       12%         3


Dungeon Overview and Level Annotations

Branches:
Dungeon (3/15)

Altars:

Annotations:
D:3 Crazy Yiuf


Innate Abilities, Weirdness & Mutations

You are too large for most types of armour.
You have tough skin. (AC +1)


Message History

The zap hits Crazy Yiuf.
Crazy Yiuf is moderately wounded.
Crazy Yiuf barely misses you.
You barely miss Crazy Yiuf.
Crazy Yiuf is moderately wounded.
Crazy Yiuf barely misses you.
You hit Crazy Yiuf.
Your weapon exudes an aura of protection.
Crazy Yiuf is heavily wounded.
Crazy Yiuf hits you with a +4 quarterstaff of chaos.
Crazy Yiuf draws strength from your wounds!
Crazy Yiuf hits you with a +4 quarterstaff of chaos!
Crazy Yiuf freezes you.
* * * LOW HITPOINT WARNING * * *
Unknown command.
Casting: Shock (safe; 6% risk of failure)
Confirm with . or Enter, or press ? or * to list all spells.
Aiming: Shock (safe; 6% risk of failure)
Press: ? - help, Shift-Dir - straight line The zap hits Crazy Yiuf.
Crazy Yiuf is heavily wounded.
Crazy Yiuf barely misses you.
Casting: Shock (safe; 6% risk of failure)
Confirm with . or Enter, or press ? or * to list all spells.
Aiming: Shock (safe; 6% risk of failure)
Press: ? - help, Shift-Dir - straight line The zap misses Crazy Yiuf.
Crazy Yiuf glowers.
Crazy Yiuf hits you with a +4 quarterstaff of chaos!
* * * LOW HITPOINT WARNING * * *
Casting: Shock (safe; 6% risk of failure)
Confirm with . or Enter, or press ? or * to list all spells.
Aiming: Shock (safe; 6% risk of failure)
Press: ? - help, Shift-Dir - straight line You miscast Shock.
You are very lightly contaminated with residual magic.
Nothing appears to happen.
Crazy Yiuf says, "Earwax!
Gum koolooloo sallow."
Crazy Yiuf hits you with a +4 quarterstaff of chaos!
You die...

†... #...#
#..).#
...# ###.#
##..##
...#...#
#).P.#
#.#.###
#)P)##
#.....#
##)##
###...#
#.## #..##
##.# #..#
#.## #..#
##@#
.######..#
#g#
.).......#
)).
########.#
#)..# #.#
#).)# #.#
#####
########.#
.........#
########.#


You could see Crazy Yiuf.

Vanquished Creatures
  2 adders (D:2)
  2 dart slugs (D:1)
  4 endoplasms
  7 goblins
  2 hobgoblins
  5 ball pythons
  2 bats
  8 frilled lizards
  5 kobolds
  4 rats
41 creatures vanquished.

Notes
Turn   | Place    | Note
-------+----------+-------------------------------------------
     0 | D:1      | Babbit the Ogre Air Elementalist began the quest for the
                  | Orb.
     0 | D:1      | Reached XP level 1. HP: 16/16 MP: 3/3
    46 | D:1      | Found a faded altar of an unknown god.
   135 | D:1      | Reached skill level 3 in Air Magic
   311 | D:1      | Reached XP level 2. HP: 24/24 MP: 3/5
   312 | D:1      | Reached skill level 1 in Conjurations
   609 | D:1      | Reached XP level 3. HP: 31/31 MP: 1/6
  1488 | D:2      | Reached XP level 4. HP: 39/39 MP: 0/8
  1576 | D:2      | Learned a level 4 spell: Airstrike
  1796 | D:3      | Found a runed translucent door.
  1797 | D:3      | Noticed Crazy Yiuf
  1810 | D:3      | Mangled by Crazy Yiuf

Illustrated notes

Levels and vault maps discovered:
D:1:      dpeg_arrival_court, layout_rooms,
          shapermc_ecumenical_altar_totnotflames, minmay_lizard_pond
D:2:      layout_rooms
D:3:      layout_loops_ring, mainiacjoe_overflow_six_doors_small, serial_glass,
          glass_columns_a, glass_columns_a, glass_columns_a, glass_columns_a,
          minmay_puff, uniq_crazy_yiuf_cottage

Skill      XL: |  1  2 |
---------------+-------+-----
Air Magic      | 3 |  3.4
Conjurations   | 1 |  1.6
Dodging        | |  1.9
Stealth        | |  1.9
Unarmed Combat | |  0.1
Spellcasting   | |  2.8

Action                     |  1- 3 |  4- 6 || total
---------------------------+-------+-------++-------
  Melee: Unarmed           |    22 |       ||    22
         Whip              |     1 |       ||     1
         Mace              |       |     2 ||     2
   Cast: Shock             |    75 |    15 ||    90
    Use: Potion            |     2 |       ||     2
         Scroll            |     2 |     2 ||     4
 Armour: Robe              |    17 |       ||    17
  Dodge: Dodged            |    21 |     4 ||    25
